[Event "Early-Titled-Tuesday-Blitz-March-12-2024"]
[Site "Chess.com"]
[Date "2024.03.12"]
[Round "7"]
[White "Ze-Pequeno"]
[Black "AlexandraSamaganova"]
[Result "0-1"]
[WhiteElo "2189"]
[BlackElo "2366"]
[TimeControl "180+1"]
[EndTime "9:17:28 PDT"]
[Termination "AlexandraSamaganova won by resignation"]

1. e4 c5 2. Nf3 e6 3. d4 cxd4 4. Nxd4 a6 5. Bd3 Qc7 6. O-O Nf6 7. Qe2 d6 8. c4 Nbd7 9. f4 Be7 10. Nc3 b6 11.
Bd2 Bb7 12. Rae1 O-O 13. b4 Rac8 14. a3 g6 15. Qf3 e5 16. Nde2 exf4 17. Bxf4 Ne5 18.
Bxe5 dxe5 19. Ng3 Qd7 20. Nd5 Nxd5 21. exd5 f6 22. h4 Bd6 23. h5 Qg7 24. hxg6 hxg6 25. Ne4 Be7 26. d6 Bd8 27. Qg3 Rb8 28. c5 b5 29. Bc2 Bd5 30. Nc3 Bc4 31. Rf2 a5 32. Bxg6 axb4 33. axb4 Rb7 34. Re3 f5 35. Bxf5 Qxg3 36.
Rxg3+ Rg7 37. Bh7+ Kxh7 38. Rh3+ Kg8 39. Rxf8+ Kxf8 40. Rh8+ Rg8 41. Rxg8+ Kxg8 42. Ne4 Bd3 43. Nf2 Bc2 44.
c6 Bb6 45. c7 Bxf2+ 46. Kf1 Bf5 47. Kxf2 Bc8 48. Ke3 Kf7 49. Ke4 Ke6 50. g4 Kxd6 51. g5 Kxc7 52. Kxe5 Bg4 53. g6 Bh5 54. Kf6 Bxg6 55.
Kxg6 Kd6 56. Kf5 Kd5 57. Kf4 Kc4 58. Ke4 Kxb4 59. Kd3 Kb3 60. Kd2 b4 61. Kc1 Ka2 62. Kc2 b3+ 63. Kc3 b2 0-1

[Event "Early-Titled-Tuesday-Blitz-March-12-2024"]
[Site "Chess.com"]
[Date "2024.03.12"]
[Round "7"]
[White "Lady_Nika"]
[Black "Jimonios"]
[Result "0-1"]
[WhiteElo "2537"]
[BlackElo "2683"]
[TimeControl "180+1"]
[EndTime "9:17:29 PDT"]
[Termination "Jimonios won by checkmate"]

1. d4 d6 2. c4 Bd7 3. Nc3 Bc8 4. e4 Bd7 5. Be3 Bc8 6. Bd3 Bd7 7. Nge2 Bc8 8. Qd2 a6 9. f3 c6 10. a4 a5 11. O-O Na6 12. f4 e6 13. d5 exd5 14. cxd5 Nb4 15. Bc4 Nf6 16. Bd4 c5 17. Bf2 Be7 18. h3 O-O 19. e5 Nd7 20. exd6 Bxd6 21.
Ne4 Nb6 22. b3 Re8 23. N2c3 Bf5 24. Nxc5 Nxc4 25. bxc4 Qc7 26. Nb5 Qb8 27. Nxd6 Qxd6 28. Nxb7 Qg6 29. Kh2 Bd3 30. Rfe1 Bxc4 31. Nxa5 Bxd5 32.
Bg3 Nd3 33. Red1 Be4 34. Ra3 Qa6 35. Nb3 Qc4 36. Nc1 Nc5 37. a5 Na6 38. Qc3 Qe6 39.
Nd3 Qg6 40. Ne5 Qf5 41. Rd2 Rec8 42. Qe3 Nc5 43. Rc3 Ne6 44. Rxc8+ Rxc8 45. a6 f6 46. Ng4 h5 47. Nf2 Ba8 48. a7 h4 49.
Bxh4 Nxf4 50. Bg3 Nxg2 51. Qb3+ Kh8 52. Qb8 Kh7 53. Qd6 Ne3 54. Rd4 Qf3 55. Rh4+ Kg6 56.
Rg4+ Nxg4+ 57. hxg4 Qg2# 0-1

[Event "Early-Titled-Tuesday-Blitz-March-12-2024"]
[Site "Chess.com"]
[Date "2024.03.12"]
[Round "7"]
[White "Alenzer"]
[Black "InitiatingASC"]
[Result "0-1"]
[WhiteElo "2159"]
[BlackElo "2339"]
[TimeControl "180+1"]
[EndTime "9:17:32 PDT"]
[Termination "InitiatingASC won on time"]

1. e4 c5 2. Nf3 Nc6 3. d4 cxd4 4. Nxd4 Nf6 5. Nc3 e5 6. Ndb5 h6 7. Nd6+ Bxd6 8. Qxd6 Qe7 9. Qxe7+ Kxe7 10. Be3 Rd8 11. O-O-O d6 12. f3 Be6 13. Nb5 b6 14. Nc3 d5 15. exd5 Nxd5 16. Nxd5+ Bxd5 17. Bb5 Rac8 18. Rhe1 Nb4 19. c3 Bxa2 20. Rxd8 Kxd8 21. Rd1+ Ke7 22. Rd7+ Kf6 23. Rxa7 Bb3 24. Kd2 Rd8+ 25. Rd7 Rxd7+ 26.
Bxd7 Nd5 27. Bf2 Bc4 28. Bc6 b5 29. Kc2 Ne7 30. Be4 Bf1 31. g3 Ke6 32. Bc5 f5 33.
Bb7 g5 34. Ba6 e4 35. fxe4 fxe4 36. Kd2 Bd3 37. Bxe7 Kxe7 38. Ke3 Ke6 39. Bb7 Ke5 40. Bc6 Kf5 41. h3 Ke5 42. h4 gxh4 43. gxh4 Kf5 44. h5 Ke5 45. Bb7 Bc2 46. Bc6 Bd1 47. Bxb5 Bxh5 48. Bc6 Bg6 49. b4 Bf5 50. Bb5 h5 51. Bf1 h4 52. Bg2 h3 53. Bh1 Bg6 54. c4 Bf7 55. c5 Bd5 56. b5 h2 57. c6 Kd6 58. Kf2 e3+ 59. Kxe3 Bxh1 60. Kf2 Bxc6 61. bxc6 h1=Q 0-1

[Event "Early-Titled-Tuesday-Blitz-March-12-2024"]
[Site "Chess.com"]
[Date "2024.03.12"]
[Round "7"]
[White "imdvb6307"]
[Black "martinmena"]
[Result "1-0"]
[WhiteElo "2484"]
[BlackElo "2272"]
[TimeControl "180+1"]
[EndTime "9:17:39 PDT"]
[Termination "imdvb6307 won on time"]

1. d4 d5 2. Nf3 Nf6 3. e3 e6 4. Nbd2 b6 5. c3 Bd6 6. Bb5+ c6 7. Bd3 O-O 8. Ne5 Ba6 9. Bc2 Bxe5 10. dxe5 Nfd7 11. Qh5 g6 12. Qh6 Nxe5 13. Nf3 Nxf3+ 14. gxf3 e5 15. h4 Qf6 16. Rh3 Qg7 17.
Qg5 h6 18. Qg3 Bc8 19. Rh1 Bf5 20. e4 dxe4 21. fxe4 Be6 22. f4 exf4 23. Bxf4 Nd7 24. O-O-O Nf6 25. Be5 Nh5 26. Qh2 f6 27. Bd6 Rfe8 28.
Rhg1 Kh7 29. Rd2 Qf7 30. Rdg2 Rg8 31. a3 Bb3 32. Bd3 Bc4 33. Bc2 Bb3 34. Qh3 Bxc2 35. Kxc2 Rad8 36. Rd2 Qd7 37. Qf3 Qe6 38. Rgd1 Rge8 39.
e5 fxe5 40. Qxc6 Qf5+ 41. Kb3 Nf4 42. Bc7 Rxd2 43. Rxd2 Re7 44. Bd8 Qe6+ 45. Qxe6 Rxe6 46. Rd7+ Kg8 47. Rxa7 e4 48. Bc7 Nd5 49. Bg3 e3 50. Rd7 Nf6 51. Rd1 e2 52. Re1 Nh5 53. Bh2 Nf6 54. Kc4 Ng4 55. Bg3 h5 56. Kd3 Ne5+ 57. Bxe5 Rxe5 58. Rxe2 Rd5+ 59. Ke4 Rb5 60. b4 Rf5 61. Rg2 Kf7 62. a4 Rf1 63. Rh2 1-0

[Event "Early-Titled-Tuesday-Blitz-March-12-2024"]
[Site "Chess.com"]
[Date "2024.03.12"]
[Round "7"]
[White "SaiAgni_98"]
[Black "sokidze"]
[Result "0-1"]
[WhiteElo "2558"]
[BlackElo "2780"]
[TimeControl "180+1"]
[EndTime "9:17:41 PDT"]
[Termination "sokidze won by resignation"]

1. e4 e5 2. Nf3 Nf6 3. Nc3 Nc6 4. Bb5 Nd4 5. Bc4 Bc5 6. h3 d6 7. d3 a5 8. Nxd4 Bxd4 9. Ne2 Ba7 10. O-O O-O 11. Be3 Bxe3 12. fxe3 c6 13. a4 Be6 14.
b3 Qb6 15. Qd2 d5 16. exd5 Nxd5 17. Bxd5 cxd5 18. Rf3 Rac8 19. Raf1 Qb4 20. Qd1 Rc6 21. c3 Qb6 22. d4 e4 23. Rg3 Kh8 24. Nf4 f6 25.
Qh5 Bf7 26. Qg4 Rg8 27. Nh5 Bxh5 28. Qxh5 Qxb3 29. Rf4 g6 30. Qh6 Qxc3 31. Rh4 Rc7 32. Qf4 Qc6 33. Kh2 Rf7 34. Rh6 Qc7 35. Qh4 f5 36.
Kh1 Qe7 37. Rg5 Qf6 38. Qf4 Rfg7 39. h4 Rd7 40. h5 Qf8 41. Rgxg6 Rxg6 42. hxg6 Rg7 43.
gxh7 Rxh7 44. Rxh7+ Kxh7 45. Qc7+ Qg7 46. Qd8 Qh6+ 47.
Kg1 Qxe3+ 48. Kh1 Qh6+ 49. Kg1 Qe3+ 50. Kh1 Qxd4 51. Qe7+ Qg7 52. Qe6 Qh6+ 53. Qxh6+ Kxh6 0-1

[Event "Early-Titled-Tuesday-Blitz-March-12-2024"]
[Site "Chess.com"]
[Date "2024.03.12"]
[Round "7"]
[White "yosephtaher"]
[Black "Hikaru"]
[Result "0-1"]
[WhiteElo "2951"]
[BlackElo "3231"]
[TimeControl "180+1"]
[EndTime "9:17:42 PDT"]
[Termination "Hikaru won by resignation"]

1. e4 e6 2. Qe2 Ne7 3. Nf3 d5 4. d3 b6 5. exd5 Nxd5 6. g3 c5 7.
Bg2 Nc6 8. O-O Bb7 9. Nbd2 Be7 10. Nc4 Bf6 11. c3 O-O 12. a4 Qc7 13. Ng5 Bxg5 14.
Bxg5 h6 15. Bd2 Rad8 16. Rad1 Rd7 17. Bc1 Rfd8 18. Rfe1 Qc8 19. h4 Qa8 20. Kh2 Nf6 21. Bh3 Ba6 22. Bg2 Qc8 23. Bxc6 Qxc6 24. Ne5 Qxa4 25. Nxd7 Rxd7 26. f3 Bb7 27. Be3 Qb5 28. Rd2 Qc6 29. Kg2 Rd5 30. d4 Rf5 31. Rf1 c4 32.
Bf4 Nd5 33. Be3 h5 34. Rdd1 b5 35. Rf2 a5 36. Ra1 Qc7 37. Bd2 a4 38. Kh2 Ne7 39.
Kg2 Ng6 40. Re1 Bd5 41. Bc1 Ne7 42. Bd2 Nc6 43. Bc1 Rf6 44. Kh2 Rg6 45. Bf4 Qe7 46.
Qd2 Qd7 47. Ref1 Ne7 48. Re1 f6 49. Qe3 Kf7 50. Qd2 Nc6 51. Ref1 Nd8 52. Re1 Kg8 53. Ref1 Nf7 54. Qc2 f5 55. Qd2 Rf6 56. Re1 Nh8 57.
Bg5 Rf8 58. Bf4 Ng6 59. Kg2 Kf7 60. Bg5 Ra8 61. Ra1 Qd6 62. Bf4 Qc6 63. Qe2 Ra7 64.
Bc1 Rb7 65. Bd2 Re7 66. Bg5 Re8 67. Bf4 Nf8 68. Kh2 Nd7 69. Re1 Nf8 70. Ra1 Ng6 71.
Bg5 e5 72. dxe5 Nxe5 73. Qd1 Bxf3 74. Qf1 Ng4+ 75. Kh3 Nxf2+ 76. Qxf2 Bg4+ 0-1

[Event "Early-Titled-Tuesday-Blitz-March-12-2024"]
[Site "Chess.com"]
[Date "2024.03.12"]
[Round "7"]
[White "CarlosjPineror"]
[Black "falzehope0"]
[Result "1-0"]
[WhiteElo "2624"]
[BlackElo "2439"]
[TimeControl "180+1"]
[EndTime "9:17:49 PDT"]
[Termination "CarlosjPineror won by resignation"]

1. e4 d6 2. d4 Nf6 3. Nc3 Nbd7 4. g3 e5 5. Bg2 Be7 6. Nge2 O-O 7. O-O Re8 8. h3 c6 9. a4 Nf8 10. Kh2 Ng6 11. f4 h6 12. f5 Nf8 13. dxe5 dxe5 14. Be3 Qxd1 15. Rfxd1 b6 16. g4 N6h7 17. Rd2 Ba6 18.
Rad1 Rad8 19. a5 b5 20. Nc1 Ra8 21. Nb3 Nf6 22. Bc5 Bd8 23. Bb4 Be7 24. Bxe7 Rxe7 25. Nc5 Bc8 26. Na2 N6d7 27. Nxd7 Bxd7 28. Nb4 Be8 29. Rd6 Rc8 30. Bf1 Rec7 31. Na6 Rd7 32. Nc5 Rxd6 33. Rxd6 f6 34. b4 Kf7 35. c4 Ke7 36.
Rd2 bxc4 37. Bxc4 Rb8 38. Rb2 Nd7 39. Ne6 c5 40. b5 Bf7 41. Kg2 Bxe6 42. fxe6 Nf8 43. Kf2 Nxe6 44. Bxe6 Kxe6 45. Ke3 Rd8 46. b6 axb6 47. Rxb6+ Ke7 48. Rb7+ Kf8 49. a6 Kg8 50. a7 Kh7 51. Rb8 Rd1 52. a8=Q Re1+ 53. Kf3 Rf1+ 54. Kg2 Rd1 55. Rd8 Rc1 56. Rh8+ Kg6 57. Qe8+ Kg5 58.
Rg8 Kf4 59. Qg6 Rc2+ 60. Kf1 Rc1+ 61. Ke2 Rc2+ 62. Kd3 Rf2 63. Qf5+ Kg3 64. Qxf2+ Kxf2 65. Rxg7 Kf3 66. Rg6 h5 67. gxh5 Kf4 68. h6 f5 69.
exf5 e4+ 70. Ke2 c4 71. Rc6 c3 72. Rxc3 Kxf5 73. Rg3 Kf4 74. Rg1 Ke5 75. h7 Kd4 76. h8=Q+ Kc4 77. Rc1+ Kd5 78. Qh5+ Ke6 79. Rc6+ Kd7 80.
Qd5+ Ke7 81. Qe6+ Kf8 82. Rc8+ Kg7 83. Rg8+ 1-0

[Event "Early-Titled-Tuesday-Blitz-March-12-2024"]
[Site "Chess.com"]
[Date "2024.03.12"]
[Round "7"]
[White "Anton_Demchenko"]
[Black "Defend1r"]
[Result "1-0"]
[WhiteElo "3007"]
[BlackElo "2738"]
[TimeControl "180+1"]
[EndTime "9:17:53 PDT"]
[Termination "Anton_Demchenko won by resignation"]

1. e4 c5 2. Nf3 d6 3. d4 cxd4 4. Qxd4 a6 5. Be2 Nc6 6. Qe3 g6 7. O-O Bg7 8. Rd1 Bg4 9. Nbd2 Nf6 10. h3 Bxf3 11. Nxf3 Nd7 12. c3 O-O 13. Qf4 Nde5 14. Nh2 Qb6 15. Rb1 Rac8 16. Be3 Qc7 17. Qh4 Na5 18. Kh1 b5 19. f4 Nec4 20. Bg1 Nb7 21. b3 Na3 22. Rbc1 Bf6 23. Qg3 Nc5 24. Bf3 a5 25. Ng4 Bg7 26. Qh4 f5 27. exf5 gxf5 28. Ne3 e6 29. c4 Bb2 30. cxb5 Bxc1 31. Rxc1 Nxb5 32. Nc4 Nd3 33. Rd1 d5 34. Nb6 Qxf4 35. Qh5 Ne5 36. Nxc8 Rxc8 37. Be2 Ng6 38. Bxb5 Rc2 39. a4 Nh4 40. Qe8+ Kg7 41. Bd4+ Kh6 42. Qf8+ Kh5 43. Be8+ Ng6 44. Bxg6+ Kxg6 45. Qg8+ Kh5 46. Qxh7+ Qh6 47. Qf7+ Qg6 48. Qxg6+ Kxg6 49. Re1 Kf7 50. Rb1 Rd2 51. Bc3 Rc2 52. Bxa5 d4 53. Kg1 e5 54.
Kf1 e4 55. Be1 Ke6 56. a5 Ra2 57. b4 Kd7 58. b5 Kc7 59. b6+ Kb7 60. h4 f4 61. h5 d3 62. h6 d2 63. Bxd2 Rxd2 64. h7 Rd8 65. Rb4 Rh8 66. Rxe4 Rxh7 67. Rxf4 Ka6 68.
Rf5 Rd7 69. Kf2 Rd2+ 70. Kg1 Rd3 71. Kh2 Ra3 72. g3 Re3 73. Kh3 Re1 74. g4 Rg1 75.
Kh4 Rh1+ 76. Kg5 Kb7 77. Kg6 Kc6 78. g5 1-0

[Event "Early-Titled-Tuesday-Blitz-March-12-2024"]
[Site "Chess.com"]
[Date "2024.03.12"]
[Round "7"]
[White "Herman-NY"]
[Black "Iskusnyh"]
[Result "1/2-1/2"]
[WhiteElo "2539"]
[BlackElo "2663"]
[TimeControl "180+1"]
[EndTime "9:17:54 PDT"]
[Termination "Game drawn - insufficient material"]

1. e4 e6 2. d4 d5 3. Nc3 Nf6 4. e5 Nfd7 5. Nce2 c5 6. c3 Nc6 7. f4 Be7 8. Nf3 cxd4 9. cxd4 f6 10. g3 O-O 11. Bh3 fxe5 12. dxe5 Nc5 13. Ned4 Nxd4 14.
Nxd4 Qa5+ 15. Kf2 Bd7 16. Kg2 Kh8 17. Be3 Rac8 18. Qe2 a6 19. Rhc1 b5 20. Rxc5 Bxc5 21. Nb3 Qb4 22. Bxc5 Rxc5 23. Nxc5 Qxc5 24. Rd1 b4 25.
Qd2 Rc8 26. Bg4 a5 27. h4 a4 28. h5 h6 29. Kh3 b3 30. axb3 axb3 31. Qd3 Qc2 32.
Rd2 Qc4 33. Qxc4 Rxc4 34. Rd3 Ba4 35. Bxe6 Rc2 36. Bxd5 Rxb2 37. e6 Re2 38. Bxb3 Bxb3 39. Rxb3 Rxe6 40. Kg4 Kh7 41. Rb7 Ra6 42. Re7 Ra5 43.
Re5 Ra6 44. Kf5 Rf6+ 45. Ke4 Ra6 46. g4 Kg8 47. Kf5 Rf6+ 48. Ke4 Ra6 49. g5 hxg5 50. fxg5 Ra1 51. Kf5 Ra6 52. g6 Kf8 53. Kg5 Rb6 54. Rf5+ Kg8 55. Rc5 Rb8 56. Rf5 Ra8 57. Re5 Rb8 58.
Rf5 Ra8 59. Re5 Rb8 60. h6 gxh6+ 61. Kxh6 Ra8 62. Re7 Rb8 63. Rg7+ Kh8 64. Rh7+ Kg8 65. Rc7 Ra8 66. Rg7+ Kh8 67. Rh7+ Kg8 68. Rc7 Rb8 69.
Rg7+ Kh8 70. Ra7 Kg8 71. Kg5 Rb5+ 72. Kh6 Rb8 73. Rd7 Ra8 74. Rd6 Rb8 75. Rf6 Ra8 76. g7 Rb8 77. Kg6 Rc8 78. Rf8+ Rxf8 79. gxf8=Q+ Kxf8 1/2-1/2

[Event "Early-Titled-Tuesday-Blitz-March-12-2024"]
[Site "Chess.com"]
[Date "2024.03.12"]
[Round "7"]
[White "ChessSwole"]
[Black "Baronessa08"]
[Result "0-1"]
[WhiteElo "2705"]
[BlackElo "2564"]
[TimeControl "180+1"]
[EndTime "9:18:04 PDT"]
[Termination "Baronessa08 won by checkmate"]

1. e4 c5 2. Nf3 Nc6 3. d4 cxd4 4. Nxd4 Qb6 5. Nb3 e6 6. Be3 Qc7 7. a3 Nf6 8. Nc3 a6 9. f4 d6 10. g4 h5 11. g5 Nd7 12. g6 fxg6 13. Bh3 Nf6 14.
Rg1 Qf7 15. Qe2 Be7 16. O-O-O Ng4 17. Bxg4 hxg4 18. Rxg4 e5 19. Rg2 exf4 20. Nd5 f3 21.
Qd2 fxg2 22. Nc7+ Kf8 23. Nxa8 Rxh2 24. Bg1 Rh5 25. Qxg2 Kg8 26. Nb6 Bh3 27. Qe2 Qf4+ 28. Kb1 Bg4 29. Qc4+ Qf7 30. Rf1 Qxc4 31. Nxc4 Be6 32.
Ne3 Rh1 33. Nd2 Ne5 34. b4 Bg5 35. Bf2 Rh2 36. Be1 Bxe3 37. Nb3 g5 38. Na5 b5 39.
Bg3 Rh3 40. Be1 g4 41. Nb7 g3 42. Bxg3 Rxg3 43. Nxd6 Rg1 44. Rxg1 Bxg1 45. Kc1 Be3+ 46.
Kd1 g5 47. Ke2 Bd4 48. Kd2 g4 49. c3 g3 50. cxd4 g2 51. dxe5 g1=Q 52. Kd3 Qg3+ 53.
Kd4 Qf2+ 54. Kd3 Qa2 55. Nb7 Qxa3+ 56. Ke2 Qxb4 57. Nd6 Bc4+ 58. Ke3 Be6 59. Kf4 a5 60. Nb7 a4 61. Nd8 Bc4 62. Nc6 Qc5 63. Na5 a3 64.
Nb7 Qe7 65. Nd6 a2 66. Nf5 Qf7 67. Kg5 a1=Q 68. Nh6+ Kf8 69. Nxf7 Kxf7 70. Kf5 Be6+ 71.
Kf4 Qd4 72. Kg5 Qxe5+ 73. Kh6 Qf6+ 74. Kh5 Kg7 75. e5 Qf3+ 76. Kh4 Qg4# 0-1

[Event "Early-Titled-Tuesday-Blitz-March-12-2024"]
[Site "Chess.com"]
[Date "2024.03.12"]
[Round "7"]
[White "YegoryoCh"]
[Black "littlepinkyboy"]
[Result "1-0"]
[WhiteElo "2508"]
[BlackElo "2617"]
[TimeControl "180+1"]
[EndTime "9:18:04 PDT"]
[Termination "YegoryoCh won by resignation"]

1. e4 c5 2. Nf3 e6 3. d4 cxd4 4. Nxd4 Nc6 5. Nc3 Qc7 6. Be3 a6 7. a3 b5 8. Nxc6 Qxc6 9. Bd3 Bb7 10. Qd2 Nf6 11. f3 Bc5 12. O-O-O Bxe3 13. Qxe3 d6 14. Ne2 O-O 15. Nd4 Qc5 16. g4 b4 17.
axb4 Qxb4 18. h4 Rab8 19. c3 Qb6 20. Rh2 Rfc8 21. h5 Nd7 22. h6 g6 23. Qg5 Qd8 24.
Qxd8+ Rxd8 25. Nc2 Nc5 26. Bc4 Bc6 27. Rhd2 Bb5 28.
Ba2 Rb6 29. Na3 Ba4 30. Re1 Nb3+ 31. Bxb3 Bxb3 32. Re3 Rc8 33. Red3 d5 34. exd5 Bxd5 35. Kb1 Rbb8 36. c4 Bc6 37. Ka1 Kf8 38. Nc2 Ke7 39. Nd4 Ba8 40. b3 Rd8 41. Ka2 e5 42.
Re3 Kf6 43. g5+ Kxg5 44. Rxe5+ Kxh6 45. Ra5 Rb6 46. c5 Rbb8 47. Ka3 Bd5 48. Rxa6 Kg7 49. Rd6 Rxd6 50. cxd6 Rd8 51. Nb5 Bxf3 52. Kb4 Bc6 53. Kc5 Bxb5 54. Kxb5 Kf6 55. Kc6 h5 56. Kc7 Rxd6 57.
Kxd6 g5 58. b4 g4 59. b5 h4 60.
b6 g3 61. b7 1-0

[Event "Early-Titled-Tuesday-Blitz-March-12-2024"]
[Site "Chess.com"]
[Date "2024.03.12"]
[Round "7"]
[White "Rud_Makarian"]
[Black "ActorXu"]
[Result "1-0"]
[WhiteElo "3021"]
[BlackElo "2866"]
[TimeControl "180+1"]
[EndTime "9:18:07 PDT"]
[Termination "Rud_Makarian won on time"]

1. c4 e5 2. Nc3 Bb4 3. Qb3 Bxc3 4. Qxc3 d6 5. e3 Nc6 6. b4 Nf6 7. Bb2 O-O 8. a3 Be6 9. Nf3 h6 10. d3 a5 11. Be2 axb4 12. axb4 Rxa1+ 13. Bxa1 b5 14. O-O bxc4 15. dxc4 Ne7 16. Nd2 Ng6 17. Bb2 d5 18. cxd5 Nxd5 19. Qc1 Nxb4 20. Rd1 Nd3 21. Bxd3 Qxd3 22. Nf3 Qc4 23. Qxc4 Bxc4 24. Nxe5 Nxe5 25.
Bxe5 c6 26. h4 h5 27. Ra1 Rd8 28. Bd4 f6 29. Ra7 Be6 30. Kh2 Rd7 31. Ra6 Bd5 32. Kg3 Kf7 33. f3 Kg6 34. Bc5 Rc7 35. e4 Bc4 36. Ra4 Bb5 37. Rd4 Kf7 38. Rd8 Ba6 39. Kf4 Rc8 40. Rd6 Bc4 41. Rd7+ Kg6 42. Bd4 c5 43.
Bc3 Be6 44. Re7 Bb3 45. e5 fxe5+ 46. Bxe5 Rf8+ 47. Kg3 Rf7 48. Re8 c4 49. Rc8 Re7 50. Bd4 Rd7 51. Rc6+ Kf7 52. Bc3 Rd3 53. Rc7+ Ke6 54.
Bxg7 Rd2 55. Rc5 Kf7 56. Bc3 Rd3 57. Bb2 Kg6 58. Rg5+ Kh6 59. Rc5 Kg6 60. Rg5+ Kh6 61. Bc1 Rd1 62. Bf4 Kh7 63. Rxh5+ Kg8 64. Rc5 Rd3 65. h5 c3 66. Rc8+ Kf7 67. Rc7+ Kf6 68. h6 c2 69. h7 Rd8 70. Bc1 Kg6 71. Bb2 Be6 72. h8=Q 1-0

[Event "Early-Titled-Tuesday-Blitz-March-12-2024"]
[Site "Chess.com"]
[Date "2024.03.12"]
[Round "7"]
[White "GMKrikor"]
[Black "jumpingknight20"]
[Result "1-0"]
[WhiteElo "2878"]
[BlackElo "2683"]
[TimeControl "180+1"]
[EndTime "9:18:15 PDT"]
[Termination "GMKrikor won by checkmate"]

1. Nf3 d5 2. c4 e6 3. d4 Nf6 4. Nc3 Bb4 5. cxd5 exd5 6. Bf4 O-O 7. e3 c6 8. Bd3 Bg4 9. Qb3 Qb6 10. Ne5 Bh5 11. O-O Be7 12. Qc2 Bg6 13. Nxg6 hxg6 14. Rab1 Nbd7 15. h3 Rac8 16. b4 Ne8 17. Nxd5 Qd8 18.
Nxe7+ Qxe7 19. a4 Nef6 20. Qb3 Nd5 21. Bg3 N7f6 22. Rfe1 Ne4 23. Bxe4 Qxe4 24. Rbc1 Qe7 25. b5 f5 26. bxc6 bxc6 27. Be5 Kh7 28. a5 f4 29. exf4 Qf7 30. Qf3 Nxf4 31. Re4 Nd5 32. Qg3 Qf5 33. Rh4+ Kg8 34. Rg4 Kh7 35. Rg5 Qe4 36. Rg4 Qf5 37.
Re1 c5 38. Rg5 Qf7 39. dxc5 Rfe8 40. Qh4+ Kg8 41. Qg4 Rc6 42. Qd4 Nc7 43. Rg4 Ne6 44.
Qe4 Rxc5 45. Qxg6 Qxg6 46. Rxg6 Kf7 47. Rg3 Rxa5 48. Bxg7 Rg8 49. Be5 Rxg3 50. Bxg3 Rb5 51. Be5 a5 52. Re3 a4 53. f4 Ra5 54. Bb2 Nc5 55.
Ba3 Rb5 56. Bxc5 Rxc5 57. Kf2 Ra5 58. Ra3 Ke6 59. Kf3 Kd5 60. g4 Ra8 61. g5 Ke6 62. Kg4 Ra5 63. h4 Kf7 64. f5 Kg7 65. h5 Kf7 66. h6 Ra8 67. Kh5 Ra5 68. Kg4 Ra8 69. h7 Kg7 70. g6 Kf6 71. Kh5 Kg7 72. Kg5 Ra5 73. Rh3 Ra8 74. f6+ Kh8 75. g7# 1-0

[Event "Early-Titled-Tuesday-Blitz-March-12-2024"]
[Site "Chess.com"]
[Date "2024.03.12"]
[Round "7"]
[White "geminithegreat"]
[Black "Kotofeyca"]
[Result "0-1"]
[WhiteElo "2220"]
[BlackElo "2435"]
[TimeControl "180+1"]
[EndTime "9:18:19 PDT"]
[Termination "Kotofeyca won on time"]

1. d4 d5 2. c4 c6 3. Nf3 Nf6 4. g3 Bf5 5. Nc3 e6 6. Qb3 Qb6 7. c5 Qxb3 8. axb3 a6 9. b4 Ne4 10. Bg2 Nd7 11. O-O Rc8 12. Nh4 Nxc3 13. bxc3 Bc2 14.
Ra2 Bb3 15. Rb2 Bc4 16. Re1 Be7 17. Nf3 f5 18. Ng5 Bxg5 19. Bxg5 Kf7 20. f3 h6 21. Bc1 Nf6 22. Bf4 Rce8 23. Be5 Nd7 24. Bd6 e5 25. e4 exd4 26. cxd4 dxe4 27. fxe4 fxe4 28. Bxe4 Nf6 29. Be5 Nxe4 30. Rxe4 Rhf8 31. Rb1 g5 32. Rbe1 Kg6 33. Bd6 Rxe4 34. Rxe4 Rf1+ 35. Kg2 Rb1 36. Re7 Rb2+ 37. Kg1 Rxb4 38. Be5 Kf5 39. h3 Ke4 40. Re8 Kf3 41. Rf8+ Ke4 42. Re8 Rb1+ 43.
Kf2 Rb2+ 44. Kg1 Kd3 45. Bg7 Rb1+ 46. Kf2 Rb2+ 47. Kg1 Bd5 48. Bxh6 Rg2+ 49. Kf1 Rxg3 50. Re5 Kxd4 51. Rxg5 Rxh3 52. Bg7+ Kxc5 53. Bf8+ Kc4 54. Rg7 b5 55. Ke2 a5 56. Ra7 a4 57. Rg7 a3 58.
Kd1 a2 59. Ra7 Kb3 60. Bg7 Rh1+ 61. Kd2 c5 62. Ra5 Bc4 63. Bf6 Rh2+ 64. Ke3 Rh3+ 65.
Kf4 Rh1 66. Ke3 Re1+ 67. Kd2 Re2+ 68. Kd1 Kb4 69. Ra7 Rf2 70. Bg7 Rg2 71. Bh8 Bd5 72.
Ra6 c4 0-1

[Event "Early-Titled-Tuesday-Blitz-March-12-2024"]
[Site "Chess.com"]
[Date "2024.03.12"]
[Round "7"]
[White "Resignify"]
[Black "Gabcur"]
[Result "1/2-1/2"]
[WhiteElo "2242"]
[BlackElo "2299"]
[TimeControl "180+1"]
[EndTime "9:18:32 PDT"]
[Termination "Game drawn - insufficient material"]

1. e4 e6 2. d3 d5 3. Nd2 Nf6 4. Ngf3 Nc6 5. c3 e5 6. Be2 Bd6 7. O-O O-O 8. Re1 Ne7 9. Qc2 Ng6 10. Bf1 Re8 11. g3 c6 12. Bg2 h6 13. a3 Be6 14.
b4 Qd7 15. Bb2 Bh3 16. Bh1 Rad8 17. Nf1 Bc7 18. Ne3 a6 19. Bg2 Bxg2 20. Kxg2 Qc8 21. Nf5 Kh7 22. Rad1 Bb6 23. Bc1 dxe4 24. dxe4 Rxd1 25. Rxd1 Rd8 26. Rxd8 Qxd8 27. c4 Bc7 28. c5 Qd7 29. h4 Nf8 30. Bb2 Qe6 31. Qd3 g6 32. Ne3 N8d7 33. Nc4 Ng4 34. Bc1 f6 35.
Bb2 h5 36. Bc1 Nh6 37. Bxh6 Kxh6 38. Nfd2 Kg7 39. f3 Nf8 40. Nf1 Qe7 41. Nfe3 Ne6 42. Nc2 Kf7 43. Kf2 Qd8 44. Qxd8 Nxd8 45. Ke3 Ke6 46.
Kd3 f5 47. N2e3 Nf7 48. Nf1 Nh8 49. Nfd2 Nf7 50. Nb3 Kd7 51. Nba5 Kc8 52. Nb3 Nd8 53. Nc1 Ne6 54. Ne2 Kd7 55. Ke3 Ke7 56. Kd3 Kf6 57.
Ke3 g5 58. hxg5+ Kxg5 59. exf5 Kxf5 60. Nd2 Bd8 61. Ne4 Be7 62. Nd2 Kg5 63. Nc4 h4 64.
gxh4+ Kxh4 65. Ke4 Kh3 66. Nxe5 Kg2 67. f4 Kf2 68. Nd4 Ng7 69. Nf5 Bf8 70. Nxg7 Bxg7 71. f5 Ke2 72. Ng4 Kd2 73. f6 Bf8 74. Ne5 Kc3 75.
Nd7 Bh6 76. f7 Kb3 77. f8=Q Bxf8 78. Nxf8 Kxa3 79. Kd4 Kxb4 80. Ne6 a5 81. Nf4 a4 82. Nd3+ Kb5 83. Kc3 b6 84. cxb6 Kxb6 85. Kb4 a3 86. Kxa3 Kb5 87. Kb3 c5 88. Nxc5 1/2-1/2

[Event "Early-Titled-Tuesday-Blitz-March-12-2024"]
[Site "Chess.com"]
[Date "2024.03.12"]
[Round "7"]
[White "Gryffindorac8"]
[Black "AttilaTurzo"]
[Result "0-1"]
[WhiteElo "2384"]
[BlackElo "2477"]
[TimeControl "180+1"]
[EndTime "9:18:36 PDT"]
[Termination "AttilaTurzo won by resignation"]

1. d4 Nf6 2. c4 e6 3. Nf3 d5 4.
g3 Be7 5. Bg2 O-O 6. O-O Nbd7 7.
Qc2 c5 8. cxd5 exd5 9. Nc3 a6 10. Bg5 h6 11. Bxf6 Nxf6 12. dxc5 Bxc5 13. Rad1 Qc7 14.
Qb3 Be6 15. Nd4 Qb6 16. Qxb6 Bxb6 17. Rd3 Rfd8 18. Rfd1 Rac8 19. Bf3 Kf8 20. Kg2 Ke7 21. h4 Bc5 22. Nb3 Bb4 23. Nxd5+ Nxd5 24. Bxd5 Bxd5+ 25. Rxd5 Rxd5 26. Rxd5 Rc2 27. Rd4 a5 28. a3 Rxb2 29.
axb4 Rxb3 30. bxa5 Ra3 31. Rb4 Rxa5 32. Rxb7+ Ke6 33.
e3 h5 34. Rb4 g6 35. Kf3 Ra2 36.
Rb6+ Ke7 37. e4 Kf8 38. Ke3 Kg7 39. f3 Rg2 40. Kf4 Rg1 41. Rb7 Rg2 42. e5 Re2 43. Rb4 Re1 44. Re4 Rg1 45. e6 fxe6 46. Rxe6 Kf7 47.
Ra6 Kg7 48. Ra7+ Kf6 49. Ra6+ Kg7 50. g4 hxg4 51. fxg4 Rb1 52. Ra5 Kh6 53. Ra4 Rb5 54.
Re4 Kg7 55. Re7+ Kf6 56. Re4 Ra5 57. Rb4 Kg7 58. Rb7+ Kf6 59. g5+ Ke6 60. Rg7 Ra4+ 61. Kg3 Ra3+ 62. Kf2 Kf5 63. Rf7+ Kg4 64. Rf6 Kh5 65. Rf4 Rh3 66. Rd4 Rxh4 67. Rd5 Rf4+ 68. Kg3 Rg4+ 69. Kf3 Rg1 70. Rc5 Kh4 71. Rb5 Rf1+ 72.
Ke4 Kg4 73. Ra5 Re1+ 74. Kd4 Re8 75. Rb5 Kf4 76. Ra5 Rd8+ 77. Kc3 Ke4 78. Ra4+ Kf5 79. Ra5+ Kf4 80. Ra4+ Kxg5 81. Ra5+ Kf4 82. Ra4+ Kf3 83. Ra6 g5 84. Rg6 g4 85. Rf6+ Kg2 86. Rg6 g3 87. Rg7 Kf2 88. Rf7+ Kg1 89. Rg7 g2 90. Rf7 Rh8 0-1

[Event "Early-Titled-Tuesday-Blitz-March-12-2024"]
[Site "Chess.com"]
[Date "2024.03.12"]
[Round "7"]
[White "Yeritsyaan"]
[Black "RebelJohnny"]
[Result "0-1"]
[WhiteElo "2635"]
[BlackElo "2538"]
[TimeControl "180+1"]
[EndTime "9:18:37 PDT"]
[Termination "RebelJohnny won by resignation"]

1. c4 e5 2. Nc3 Bb4 3. e4 Nf6 4. d3 c6 5. Nf3 O-O 6. Bg5 d5 7.
cxd5 cxd5 8. exd5 Nbd7 9. Be2 Qa5 10. O-O Bxc3 11. bxc3 Nxd5 12. c4 Nc3 13. Qe1 Nxe2+ 14. Qxe2 f6 15. Be3 b6 16. Nd2 Bb7 17. Rab1 Bc6 18.
Nb3 Qa3 19. d4 Be4 20. Rbc1 Bg6 21. d5 Rac8 22. Rfd1 a5 23. c5 a4 24. c6 axb3 25. cxd7 Rxc1 26. Bxc1 Qxa2 27. Qb5 Qc2 28. Re1 Rd8 29.
Ba3 Qc7 30. Qxb3 Qxd7 31. d6+ Bf7 32. Qxb6 h6 33. h3 Rc8 34. Rb1 Rc6 35. Qb8+ Kh7 36. Rd1 e4 37. Qb5 Be6 38. Qe2 f5 39. Qe3 Bf7 40.
Qd4 Bg6 41. Qd5 Ra6 42. Bb2 Ra7 43. Qe5 Rb7 44. Bc3 Ra7 45. h4 Rb7 46. Rd5 Qf7 47. h5 Bxh5 48. Qxf5+ Qxf5 49. Rxf5 Bg6 50. Rc5 Rd7 51.
Be5 Bf5 52. Bg3 Be6 53. Kf1 g6 54. Ke2 Bf5 55. Be5 h5 56. Ke3 Kg8 57. Kf4 Kf7 58. Rc8 Ke6 59. Re8+ Kd5 60. Ra8 Ke6 61. Ra5 Rf7 62.
Ke3 Rd7 63. g3 g5 64. Rc5 g4 65. Bf4 Bg6 66. Re5+ Kf6 67. Rc5 Ke6 68. Kd4 Ra7 69. Rg5 Bf7 70. Kc5 Ra5+ 71. Kc6 Rxg5 72. Bxg5 Be8+ 73.
Kc5 Bd7 74. Kd4 Kf5 75. Bf4 Ke6 76. Ke3 Kf5 77. Kd4 h4 78. gxh4 Kxf4 79. h5 e3 80. fxe3+ Kg5 81. Ke4 Kxh5 82. Kf4 Kh4 83. e4 g3 84. Kf3 Kh3 85. e5 g2 86. Kf2 Kh2 87. e6 g1=Q+ 0-1